 Dungeon Crawl Stone Soup version 0.32-a0-799-g95e1662365 (webtiles) character file.

Game seed: 17784351449031966325

24 cforsyth the Chopper (level 2, 0/26 HPs)
             Began as a Mountain Dwarf Cinder Acolyte on Mar 22, 2024.
             Was a High Priest of Ignis.
             Succumbed to an adder's poison
             ... on level 2 of the Dungeon.
             The game lasted 00:01:20 (952 turns).

cforsyth the Chopper (Mountain Dwarf Cinder Acolyte) Turns: 952, Time: 00:01:20

Health: 0/26       AC:  2    Str: 16    XL:     2   Next: 79%
Magic:  3/3        EV: 10    Int: 14    God:    Ignis [*****.]
Gold:   66         SH:  0    Dex:  5    Spells: 3/3 levels left

rFire   + . .        a - -1 hand axe (flame)
rCold   . . .        (no shield)
rNeg    . . .        b - +0 robe
rPois   .            (no helmet)
rElec   .            (no cloak)
rCorr   .            (no gloves)
SInv    +            (no boots)
Will    .....        (no amulet)
Stlth   +            L - ring of flight
HPRegen 0.24/turn    (no ring)
MPRegen 0.08/turn

%: no passive effects
@: lethally poisoned (0 -> -2), flying
A: runic magic, artefact enchanting
a: Renounce Religion, Fiery Armour, Foxfire Swarm, Rising Flame


You were on level 2 of the Dungeon.
You worshipped Ignis.
Ignis was extremely pleased with you.
You visited 1 branch of the dungeon, and saw 2 of its levels.

You collected 66 gold pieces.


Innate Abilities, Weirdness & Mutations

Your spellcasting is much less encumbered by armour.
You can use scrolls of enchantment on lesser artefacts.


   Skills:
 + Level 3.5 Fighting
 + Level 3.9 Axes
 + Level 1.0 Armour
 + Level 1.3 Spellcasting
 + Level 3.9 Fire Magic


You had 3 spell levels left.
You didn't know any spells.
Your spell library contained the following spells:

 Spells                   Type           Power      Damage    Failure   Level
 Scorch                   Fire           22%        2d5       8%          2
 Slow                     Hex            0%         N/A       26%         1
 Confusing Touch          Hex            0%         N/A       61%         3
 Vampiric Draining        Necr           0%         2d6       61%         3
 Haunt                    Necr/Summ      0%         N/A       100%        7
 Borgnjor's Revivificati  Necr           0%         N/A       100%        8
 Death's Door             Necr           0%         N/A       100%        9

Inventory:

Hand Weapons
 a - a -1 hand axe of flaming (weapon)
Armour
 b - a +0 robe (worn)
Jewellery
 L - a ring of flight (left hand)
Wands
 f - a wand of charming (10)
Scrolls
 d - 2 scrolls of identify {unknown}
 e - a scroll of teleportation {@r2}

Dungeon Overview and Level Annotations

Branches:
Dungeon (2/15)

Altars:

*** #.#....# #.####.#
#......####.####.#
############.#........##.#
.............#.####.#.##.#
##.####.####.#.####.#.##.#
.#.#.)'.'..#.#.####......#
.#.#..#.#..#.#.######.####
##.#+##.#+##.#.######.####
.............#..@........#
##.#+##.#'##.#.###..#.##.#
.#.#..#.#..#.#.###..#.##,#
.'.').#.#..#.#.##.....##,*
##.####.####.#.##...####,*
.............#.##...####.*
##############..>........*
#.###.......##.##.#######*
..........#.......#


There were no monsters in sight!


Message History

* * * LOW HITPOINT WARNING * * *
Unknown command.
Unknown command.
Unknown command.
You aren't carrying any potions.
You aren't carrying any potions.
As you read the scroll labelled YMAYZI HIWN, it crumbles to dust.
You feel strangely unstable.
It was a scroll of teleportation.
* * * LOW HITPOINT WARNING * * *
You feel sick. The adder bites you but does no damage.
* * * LOW HITPOINT WARNING * * *
You feel sick. The adder barely misses you.
* * * LOW HITPOINT WARNING * * *
You feel sick. The adder attacks as it pursues you!
The adder closely misses you.
* * * LOW HITPOINT WARNING * * *
You feel sick.
You aren't carrying any potions.
Aiming: Charm
Press: ? - help, Shift-Dir - straight line, f - adder
Aim: an adder (lightly wounded, chance to affect: 57%)
The adder is charmed.
Your surroundings suddenly seem different.
* * * LOW HITPOINT WARNING * * *
You feel sick.
Unknown command.
As you read the scroll labelled FUM RYFOASINIY, it crumbles to dust.
You feel aware of your surroundings.
It was a scroll of revelation.
You die...
Ignis goes out, and joins you in death.

Skill      XL: |  1  2 |
---------------+-------+-----
Armour         | 1 |  1.0
Fighting       | |  3.5
Axes           | |  3.9
Spellcasting   | |  1.3
Fire Magic     | |  3.9

Action                     || total
---------------------------++-------
  Melee: Hand axe          ||    69
  Evoke: Wand              ||     1
    Use: Scroll            ||     2
 Armour: Robe              ||    40
  Dodge: Dodged            ||    48

Levels and vault maps discovered:
D:1:      zelgadis_glass_arrival_small, layout_basic,
          hellmonk_ecumenical_altar_pennies_from_heaven
D:2:      minmay_door_path, layout_loops_cross, fountainhead

Notes
Turn   | Place    | Note
-------+----------+-------------------------------------------
     0 | D:1      | cforsyth the Mountain Dwarf Cinder Acolyte began the quest
                  | for the Orb.
     0 | D:1      | Reached XP level 1. HP: 19/19 MP: 2/2
   195 | D:1      | Reached XP level 2. HP: 22/26 MP: 3/3
   223 | D:1      | Found a faded altar of an unknown god.
   633 | D:1      | You are sucked into a shaft and drop 1 floor!
   886 | D:2      | Reached skill level 1 in Armour
   949 | D:2      | HP: 2/26 [poisoned by an adder]
   952 | D:2      | Succumbed to an adder's poison

Vanquished Creatures
  2 dart slugs
  A ribbon worm (D:2)
  2 endoplasms (D:1)
  A goblin (D:2)
  2 hobgoblins (D:1)
  4 bats (D:1)
  3 frilled lizards
  2 kobolds
  3 rats
20 creatures vanquished.

Table legend: (Time is in decaauts)
 A = Elapsed time spent in this place.
 B = Non-inter-level travel time spent in this place.
 C = Inter-level travel time spent in this place.
 D = Time resting spent in this place.
 E = Time spent auto-exploring this place.
 F = Levels seen in this place.
 G = Mean time per level.
                   A        B        C        D        E       F      G
               +--------+--------+--------+--------+--------+-----+--------+
         Total |    959 |    959 |      0 |      0 |    783 |   2 |  479.5 |
       Dungeon |    959 |    959 |      0 |      0 |    783 |   2 |  479.5 |
               +--------+--------+--------+--------+--------+-----+--------+

Top non-repeatable levels by time:
     D:1: 637 daAuts
     D:2: 321 daAuts

Table legend:
 A = Non-vault XP
 B = Vault XP
 C = Vault XP percentage of total XP
 D = Non-vault monster count
 E = Vault monster count
 F = Vault count percentage of total count
                 A         B        C        D         E       F
            +---------+---------+-------+---------+---------+-------
      Total |      27 |       8 |  22.9 |      17 |       3 |  15.0
            +---------+---------+-------+---------+---------+-------
        D:1 |      20 |       0 |   0.0 |      13 |       0 |   0.0
        D:2 |       7 |       8 |  53.3 |       4 |       3 |  42.9
            +---------+---------+-------+---------+---------+-------
